 Dungeon Crawl Stone Soup version 0.31-a0-165-g3f4f80340b (webtiles) character file.

Game seed: 8881596706806518408

113102 qw the Severer (level 16, -27/103 HPs)
             Began as a Gargoyle Fighter on June 13, 2023.
             Was an Elder of Okawaru.
             Annihilated by Agnes
             ... wielding a +2 lajatang of speed
              (36 damage)
             ... on level 2 of the Lair of Beasts.
             The game lasted 00:14:19 (25369 turns).

qw the Severer (Gargoyle Fighter)                  Turns: 25369, Time: 00:14:20

Health: -27/103    AC: 48    Str: 32    XL:     16   Next: 62%
Magic:  17/23      EV: 13    Int: 13    God:    Okawaru [****..]
Gold:   962        SH: 15    Dex: 16    Spells: 15/15 levels left

rFire   . . .        w - +1 broad axe (flame)
rCold   . . .        E - +0 kite shield {AC+3}
rNeg    + . .        a - +0 plate armour of Okawaru's Grace {rElec rCorr Str+3 Int+4}
rPois   inf          h - +2 helmet
rElec   +            y - +0 cloak
rCorr   +            i - +1 pair of gloves {Str+3}
SInv    +            F - +2 pair of boots
Will    ++...        v - amulet "Paatysh" {Faith Dex+3} Stlth
                     l - ring of see invisible
HPRegen 0.37/turn    n - +4 ring of protection
MPRegen 0.18/turn

%: faith
@: about to teleport, heroic, finesse-ful, flying
A: sickness immunity, AC +12, big wings, negative energy resistance 1,
electricity resistance, torment resistance 1, petrification resistance, agile 1,
strong-willed 1
a: Renounce Religion, Heroism, Finesse


You were on level 2 of the Lair of Beasts.
You worshipped Okawaru.
Okawaru was greatly pleased with you.
You visited 5 branches of the dungeon, and saw 24 of its levels.

You collected 2222 gold pieces.
You spent 1260 gold pieces at shops.


Innate Abilities, Weirdness & Mutations

You are immune to sickness and miasma.
Your stone body is resilient. (AC +12)
You are immune to poison.
Your large and strong wings let you fly.
You resist negative energy. (rN+)
You are resistant to electric shocks. (rElec)
You are resistant to unholy torment.
You are immune to petrification.
You are agile. (Dex +4, Str/Int -1)
You are strong-willed. (Will+)


   Skills:
 - Level 12.9(17.9) Fighting
 - Level 17.0(22.0) Axes
 + Level 6.8(11.8) Throwing
 - Level 12.0(17.0) Armour
 - Level 5.1(10.1) Dodging
 - Level 13.0(18.0) Shields
 - Level 10.0 Invocations


You had 15 spell levels left.
You didn't know any spells.
Your spell library was empty.

Inventory:

Hand Weapons
 w - a +1 broad axe of flaming (weapon)
Missiles
 q - 5 silver boomerangs
 A - 7 javelins (quivered)
 C - 8 boomerangs
 H - a silver javelin
Armour
 a - the +0 plate armour of Okawaru's Grace (worn) {rElec rCorr Str+3 Int+4}
   (Okawaru gifted it to you on level 4 of the Lair of Beasts)

   Str:       It affects your strength (+3).
   Int:       It affects your intelligence (+4).
   rElec:     It insulates you from electricity.
   rCorr:     It protects you from acid and corrosion.
 h - a +2 helmet (worn)
 i - a +1 pair of gloves of strength (worn)
 y - a +0 cloak (worn)
 E - a +0 kite shield of protection (worn)
 F - a +2 pair of boots (worn)
Jewellery
 g - a ring of willpower
 l - a ring of see invisible (left hand)
 m - the amulet "Waluchiw" {RegenMP Str+6}
   (You bought it in a shop on level 14 of the Dungeon)

   [amulet of magic regeneration]

   It increases your rate of magic regeneration.
   Str:       It affects your strength (+6).
 n - a +4 ring of protection (right hand)
 p - a ring of resist corrosion
 r - a ring of fire
 s - a +6 ring of dexterity
 u - a ring of protection from fire
 v - the amulet "Paatysh" (around neck) {Faith Dex+3}
   (You acquired it on level 7 of the Dungeon)

   [amulet of faith]

   It allows you to gain divine favour quickly.
   Dex:       It affects your dexterity (+3).
Scrolls
 j - a scroll of teleportation
 o - 11 scrolls of identify
Potions
 b - 3 potions of lignification
 c - 2 potions of haste
 d - 3 potions of might
 e - 8 potions of curing
 f - 3 potions of attraction
 k - 4 potions of resistance
 t - 2 potions of mutation
 z - 2 potions of cancellation
 D - 2 potions of magic

Dungeon Overview and Level Annotations

Branches:
Dungeon (15/15)            Temple (1/1) D:7            Lair (5/5) D:8
 Shoals (0/4) Lair:2       Spider (1/4) Lair:2        Slime (0/5) Lair:4
    Orc (2/2) D:10            Elf (0/3) Orc:2        Vaults (0/5) D:14
 Depths (0/4) D:15

Altars:
Ashenzari
Cheibriados
Dithmenos
Elyvilon
Fedhas
Gozag
Hepliaklqana
Kikubaaqudgha
Makhleb
Nemelex Xobeh
Okawaru
Qazlal
Ru
Sif Muna
Trog
Uskayaw
Vehumet
Wu Jian
Xom
Yredelemnul
Zin
The Shining One
Jiyva

Shops:
D:2 *   D:5 *   D:6 ?*!   D:7 (**:   D:9 [   D:14 *?:*:   Orc:1 (   Orc:2 (*((

Annotations:
D:2 1 runed translucent door, Crazy Yiuf
D:6 2 transporters, qw's ghost, novice GrFi
D:10 1 runed translucent door
Lair:2 Agnes
Lair:5 1 runed translucent door


Message History

Enter note:
Enter note:
Enter note:
Enter note:
Enter note:
Enter note:
Enter note:
Enter note:
Enter note:
Enter note:
Enter note:
Enter note:
Enter note:
Enter note:
Enter note:
Enter note:
Enter note:
Enter note:
Enter note:
Enter note:
Enter note:
Enter note:
Enter note:
Enter note:
Enter note:
Enter note:
Enter note:
Enter note:
Enter note:
Enter note:
Enter note:
Enter note:
Enter note:
Enter note:
25369 ||| READING 2 scrolls of teleportation.
As you read the scroll of teleportation, it crumbles to dust.
You feel strangely unstable. You block Agnes's attack.
Agnes hits you but does no damage.
Agnes hits you with a +2 lajatang of speed!!!
You die...

##...#......##....#..
#=..##.....##...#...
###...#####..#....+...
#.#.###.###.###.....##
#.##...##..........###
####.......#.[..........
#..#..###..#............
###..#.#.#..#...........
######@.####...........
###..#.i.#..#...........
##.#..###..#............
##.#...#...####.........
##.#######.........#...
###.##............#P..
###..#......#.........
##.#......#..........
#..#.................


You could see Agnes (strong).

Vanquished Creatures
  Jorgrun (D:15)
  Rupert (D:12)
  Roxanne (D:15)
  An orc warlord (Orc:2)
  An ironbound preserver (D:14)
  Snorg (D:11)
  Josephine (Lair:3)
  2 fire dragons
  2 rakshasas (D:15)
  4 hydras
  A catoblepas (D:14)
  5 ogre magi
  3 centaur warriors
  Erolcha (D:9)
  2 death knights
  2 tengu warriors (D:14)
  18 two-headed ogres
  6 death yaks (Lair:3)
  Urug (Orc:1)
  A skyshark (Lair:4)
  Lodul (D:12)
  Amaemon (D:9)
  A glowing orange brain (D:15)
  A swamp dragon (Lair:5)
  2 phantasmal warriors
  A wizard (D:15)
  An orc knight (Orc:1)
  A lindwurm (Lair:5)
  A deep elf pyromancer (D:13)
  6 manticores
  An oklob plant (Lair:4)
  3 orc sorcerers (Orc:1)
  7 cyclopes
  28 ugly things
  Joseph (D:9)
  A merfolk siren (Lair:2)
  Maurice (D:8)
  2 black mambas
  14 elephants
  An ice statue (D:15)
  A gargoyle (D:12)
  An orange demon (D:9)
  15 cane toads
  6 torpor snails
  An unseen horror (D:12)
  2 freezing wraiths (D:14)
  An ice devil (D:15)
  2 kobold demonologists
  2 rime drakes (Lair:5)
  3 tengu conjurers
  8 komodo dragons
  5 trolls
  3 polar bears (D:15)
  Grinder (D:3)
  A meliai (Lair:2)
  7 hornets (Lair:5)
  15 slime creatures
  4 tyrant leeches (Lair:5)
  Prince Ribbit (D:7)
  22 blink frogs
  10 dream sheep (Lair:4)
  A jumping spider (shapeshifter) (D:15)
  A shadow (D:12)
  2 vampires
  3 wyverns
  7 wraiths
  Eustachio (D:4)
  29 yaks
  3 fire bats (Lair:3)
  7 basilisks
  5 steam dragons
  A redback (Spider:1)
  12 vampire mosquitoes
  5 wargs
  3 acid dragons
  15 water moccasins
  Duvessa (D:7)
  A floating eye (shapeshifter) (D:15)
  A swamp drake (Lair:5)
  9 ice beasts
  26 orc warriors
  2 sky beasts
  A black bear (D:5)
  38 ogres
  17 centaurs
  8 wolves
  2 phantoms (D:5)
  4 bullfrogs
  5 kobold brigands
  5 gnoll sergeants
  2 scorpions
  4 wights (D:6)
  Dowan (D:7)
  8 killer bees
  A howler monkey (D:6)
  A vampire bat (D:12)
  5 electric eels
  4 jellies
  15 orc priests
  Jessica (D:3)
  Ijyb (D:3)
  Terence (D:2)
  5 iguanas
  16 orc wizards
  16 gnolls
  14 adders
  2 white imps
  8 dart slugs
  73 orcs
  9 ball pythons
  8 bats
  14 endoplasms
  4 giant cockroaches
  9 goblins
  10 hobgoblins
  18 kobolds
  5 quokkas
  2 frilled lizards (D:1)
  6 rats
719 creatures vanquished.

Vanquished Creatures (others)
  A rakshasa (D:15)
1 creature vanquished.

Grand Total: 720 creatures vanquished

Notes
Turn   | Place    | Note
-------+----------+-------------------------------------------
     0 | D:1      | qw the Gargoyle Fighter began the quest for the Orb.
     0 | D:1      | Reached XP level 1. HP: 14/14 MP: 1/1
     0 | D:1      | 0 ||| qw: Version: 0.2-a-29-gc1b59c4
     0 | D:1      | 0 ||| qw: Game counter: 4810
     0 | D:1      | 0 ||| qw: Always use a shield: true
     0 | D:1      | 0 ||| qw: God list: Okawaru
     0 | D:1      | 0 ||| qw: Allow faded altars: false
     0 | D:1      | 0 ||| qw: Do Orc after D:15 true
     0 | D:1      | 0 ||| qw: Do second Lair branch before Depths: true
     0 | D:1      | 0 ||| qw: Lair rune preference: random
     0 | D:1      | 0 ||| qw: Plans: Normal, Zot:1-4, Slime:5, God:TSO, Crypt,
                  | Tomb, Abyss, Pan, Hells, Win
     0 | D:1      | 0 ||| PLANNING D:1-11
    12 | D:1      | Reached skill level 2 in Axes
    42 | D:1      | HP: 2/14 [frozen (5)]
   107 | D:1      | Reached XP level 2. HP: 18/19 MP: 2/2
   537 | D:1      | Reached skill level 3 in Axes
   616 | D:1      | Reached XP level 3. HP: 23/23 MP: 3/3
   947 | D:1      | 947 ||| UPGRADING to +2 helmet.
   952 | D:1      | 952 ||| UPGRADING to +1 pair of gloves of strength.
   957 | D:1      | 957 ||| UPGRADING to ring of see invisible.
   958 | D:1      | 958 ||| READING scroll labelled ASEOKKICYKK.
   959 | D:1      | 959 ||| READING scroll labelled VUWALO BUIGG.
   960 | D:1      | 960 ||| DRINKING 2 pink potions.
   961 | D:1      | 961 ||| DRINKING 3 bubbling golden potions.
  1031 | D:2      | Found Vodidig's Assorted Antiques.
  1037 | D:2      | 1037 ||| Stepping ~*~*~tactically~*~*~ (stealth).
  1044 | D:2      | 1044 ||| SHOPLISTING +5 Storm Queen's Shield {shock, Fly
                  | rElec} (1322 gold, have 11).
  1044 | D:2      | 1044 ||| SHOPLISTING 2 scrolls labelled QUXZEBBIURO (58
                  | gold, have 11).
  1044 | D:2      | 1044 ||| SHOPLISTING bronze wand (116 gold, have 11).
  1044 | D:2      | 1044 ||| SHOPLISTING dyed leather armour (145 gold, have
                  | 11).
  1044 | D:2      | 1044 ||| SHOPLISTING flail (101 gold, have 11).
  1044 | D:2      | 1044 ||| SHOPLISTING runed morningstar (203 gold, have 11).
  1044 | D:2      | 1044 ||| SHOPLISTING scroll labelled WANESUYBBA (29 gold,
                  | have 11).
  1114 | D:2      | 1114 ||| Stepping ~*~*~tactically~*~*~ (stealth).
  1120 | D:2      | 1120 ||| Stepping ~*~*~tactically~*~*~ (stealth).
  1124 | D:2      | 1124 ||| Stepping ~*~*~tactically~*~*~ (stealth).
  1126 | D:2      | 1126 ||| Stepping ~*~*~tactically~*~*~ (hiding).
  1127 | D:2      | 1127 ||| Stepping ~*~*~tactically~*~*~ (hiding).
  1134 | D:2      | 1134 ||| Stepping ~*~*~tactically~*~*~ (stealth).
  1180 | D:2      | 1180 ||| Stepping ~*~*~tactically~*~*~ (stealth).
  1302 | D:2      | 1302 ||| Stepping ~*~*~tactically~*~*~ (hiding).
  1303 | D:2      | 1303 ||| Stepping ~*~*~tactically~*~*~ (hiding).
  1306 | D:2      | 1306 ||| Stepping ~*~*~tactically~*~*~ (hiding).
  1316 | D:2      | Reached XP level 4. HP: 27/28 MP: 4/4
  1358 | D:2      | Noticed Terence
  1372 | D:2      | Killed Terence
  1373 | D:2      | Reached skill level 4 in Axes
  1403 | D:2      | 1403 ||| DROPPING +0 whip.
  1536 | D:2      | Found a runed translucent door.
  1537 | D:2      | Noticed Crazy Yiuf
  1540 | D:2      | 1540 ||| UPGRADING to +4 ring of protection.
  1541 | D:2      | 1541 ||| READING scroll labelled NURPHE CABIEKA.
  1542 | D:2      | 1542 ||| READING scroll labelled CYGOUR XISCHAAS.
  1543 | D:2      | 1543 ||| READING 2 scrolls labelled LUCRUAPNUJUG.
  1544 | D:2      | 1544 ||| DROPPING scroll of amnesia.
  1575 | D:3      | Found a faded altar of an unknown god.
  1633 | D:3      | 1633 ||| Stepping ~*~*~tactically~*~*~ (water).
  1640 | D:3      | Reached XP level 5. HP: 30/32 MP: 5/5
  1651 | D:3      | 1651 ||| Stepping ~*~*~tactically~*~*~ (hiding).
  1652 | D:3      | 1652 ||| Stepping ~*~*~tactically~*~*~ (hiding).
  1775 | D:3      | Found a burning altar of Makhleb.
  1775 | D:3      | Found a basalt altar of Yredelemnul.
  1778 | D:3      | Noticed Ijyb
  1795 | D:3      | Killed Ijyb
  1801 | D:3      | Noticed Grinder
  1802 | D:3      | 1802 ||| Stepping ~*~*~tactically~*~*~ (hiding).
  1804 | D:3      | 1804 ||| Stepping ~*~*~tactically~*~*~ (hiding).
  1820 | D:3      | 1820 ||| FLEEEEING.
  1821 | D:3      | 1821 ||| FLEEEEING.
  1822 | D:3      | 1822 ||| FLEEEEING.
  1823 | D:3      | 1823 ||| FLEEEEING.
  1824 | D:3      | 1824 ||| FLEEEEING.
  1825 | D:3      | 1825 ||| FLEEEEING.
  1826 | D:3      | 1826 ||| FLEEEEING.
  1827 | D:3      | 1827 ||| FLEEEEING.
  1832 | D:3      | 1832 ||| FLEEEEING.
  1833 | D:3      | 1833 ||| FLEEEEING.
  1859 | D:3      | Killed Grinder
  1860 | D:3      | Reached skill level 6 in Axes
  1860 | D:3      | Reached XP level 6. HP: 24/37 MP: 6/6
  1954 | D:3      | 1954 ||| Stepping ~*~*~tactically~*~*~ (stealth).
  1997 | D:3      | Found a radiant altar of Vehumet.
  2082 | D:3      | Noticed Jessica
  2089 | D:3      | Killed Jessica
  2092 | D:3      | Reached XP level 7. HP: 21/41 MP: 7/7
  2553 | D:3      | 2553 ||| DROPPING orb of mayhem.
  2554 | D:3      | 2554 ||| UPGRADING to +0 ring mail of fire resistance.
  2564 | D:3      | 2564 ||| READING scroll labelled SYQIUDUIGHE.
  2565 | D:3      | 2565 ||| READING scroll labelled YRCHEU FO DACHA.
  2566 | D:3      | 2566 ||| DRINKING 2 bubbling dark potions.
  2566 | D:3      | Gained mutation: You have a somewhat thin skeletal
                  | structure. (Dex +2, Stealth+) [potion of mutation]
  2566 | D:3      | Gained mutation: Armour fits poorly on your strangely
                  | shaped body. [potion of mutation]
  2567 | D:3      | 2567 ||| DRINKING potion of mutation.
  2567 | D:3      | Lost mutation: Armour fits poorly on your strangely shaped
                  | body. [potion of mutation]
  2567 | D:3      | Lost mutation: You have a somewhat thin skeletal structure.
                  | (Dex +2, Stealth+) [potion of mutation]
  2567 | D:3      | Gained mutation: You are agile. (Dex +4, Str/Int -1)
                  | [potion of mutation]
  2567 | D:3      | Gained mutation: You are strong-willed. (Will+) [potion of
                  | mutation]
  2626 | D:4      | 2626 ||| Stepping ~*~*~tactically~*~*~ (stealth).
  2627 | D:4      | 2627 ||| Stepping ~*~*~tactically~*~*~ (stealth).
  2672 | D:4      | 2672 ||| Stepping ~*~*~tactically~*~*~ (stealth).
  2699 | D:4      | 2699 ||| FLEEEEING.
  2767 | D:4      | 2767 ||| Stepping ~*~*~tactically~*~*~ (stealth).
  2768 | D:4      | 2768 ||| Stepping ~*~*~tactically~*~*~ (stealth).
  2775 | D:4      | 2775 ||| Stepping ~*~*~tactically~*~*~ (hiding).
  2984 | D:4      | Identified the +6 long sword of Yqecrin {freeze, rElec
                  | Str-4 Dex+7 SInv}
  3073 | D:4      | Noticed Eustachio
  3105 | D:4      | 3105 ||| FLEEEEING.
  3107 | D:4      | 3107 ||| FLEEEEING.
  3117 | D:4      | 3117 ||| FLEEEEING.
  3118 | D:4      | 3118 ||| FLEEEEING.
  3119 | D:4      | 3119 ||| FLEEEEING.
  3127 | D:4      | Killed Eustachio
  3128 | D:4      | Reached skill level 7 in Axes
  3128 | D:4      | Reached XP level 8. HP: 44/48 MP: 8/8
  3169 | D:4      | 3169 ||| Stepping ~*~*~tactically~*~*~ (hiding).
  3170 | D:4      | 3170 ||| Stepping ~*~*~tactically~*~*~ (hiding).
  3209 | D:4      | 3209 ||| DROPPING +0 flail.
  3448 | D:4      | 3448 ||| DROPPING +0 scale mail.
  3449 | D:4      | 3449 ||| UPGRADING to +2 scale mail of fire resistance.
  3459 | D:4      | 3459 ||| DROPPING +0 ring mail of fire resistance.
  3460 | D:4      | 3460 ||| DROPPING ring of flight.
  3461 | D:4      | 3461 ||| READING 2 scrolls labelled QUXZEBBIURO.
  3464 | D:4      | 3464 ||| READING 2 scrolls of identify.
  3464 | D:4      | 3464 ||| IDENTIFYING murky silvery potion
  3496 | D:5      | Entered Level 5 of the Dungeon
  3500 | D:5      | 3500 ||| STAIRDANCE
  3540 | D:5      | 3540 ||| Stepping ~*~*~tactically~*~*~ (hiding).
  3548 | D:5      | Reached skill level 1 in Throwing
  3698 | D:5      | Reached skill level 8 in Axes
  3906 | D:5      | 3906 ||| Stepping ~*~*~tactically~*~*~ (hiding).
  3909 | D:5      | 3909 ||| Stepping ~*~*~tactically~*~*~ (hiding).
  3912 | D:5      | 3912 ||| Stepping ~*~*~tactically~*~*~ (hiding).
  4042 | D:5      | 4042 ||| Stepping ~*~*~tactically~*~*~ (stealth).
  4048 | D:5      | 4048 ||| Stepping ~*~*~tactically~*~*~ (hiding).
  4336 | D:5      | 4336 ||| Stepping ~*~*~tactically~*~*~ (hiding).
  4359 | D:5      | Reached skill level 6 in Fighting
  4365 | D:5      | Found Tuseami's Serpentskin Sales.
  4937 | D:5      | 4937 ||| READING scroll labelled YBA FUOZAXKIENE.
  4938 | D:5      | 4938 ||| DRINKING 2 white potions.
  4939 | D:5      | 4939 ||| READING 2 scrolls of identify.
  4939 | D:5      | 4939 ||| IDENTIFYING puce potion
  4940 | D:5      | 4940 ||| DROPPING potion of degeneration.
  4973 | D:6      | Found a stormy altar of Qazlal.
  5049 | D:6      | Found a shimmering blue altar of Sif Muna.
  5077 | D:6      | Found Voibanou's Distillery.
  5092 | D:6      | 5092 ||| SHOPLISTING 2 potions of haste (260 gold, have
                  | 215).
  5092 | D:6      | 5092 ||| BUYING 2 potions of lignification (78 gold).
  5092 | D:6      | Bought 2 potions of lignification for 78 gold pieces
  5092 | D:6      | 5092 ||| BUYING potion of curing (39 gold).
  5092 | D:6      | Bought a potion of curing for 39 gold pieces
  5092 | D:6      | 5092 ||| SHOPLISTING potion of haste (130 gold, have 98).
  5092 | D:6      | 5092 ||| BUYING potion of heal wounds (65 gold).
  5092 | D:6      | Bought a potion of heal wounds for 65 gold pieces
  5100 | D:6      | Reached XP level 9. HP: 55/55 MP: 9/9
  5134 | D:6      | Reached skill level 9 in Axes
  5139 | D:6      | 5139 ||| Stepping ~*~*~tactically~*~*~ (stealth).
  5146 | D:6      | 5146 ||| Stepping ~*~*~tactically~*~*~ (stealth).
  5147 | D:6      | 5147 ||| Stepping ~*~*~tactically~*~*~ (stealth).
  5148 | D:6      | 5148 ||| Stepping ~*~*~tactically~*~*~ (hiding).
  5149 | D:6      | 5149 ||| Stepping ~*~*~tactically~*~*~ (hiding).
  5178 | D:6      | 5178 ||| DROPPING +1 flail of holy wrath.
  5179 | D:6      | 5179 ||| DROPPING +3 flail.
  5182 | D:6      | 5182 ||| Stepping ~*~*~tactically~*~*~ (stealth).
  5222 | D:6      | 5222 ||| Stepping ~*~*~tactically~*~*~ (stealth).
  5283 | D:6      | Found Tulaax's Magic Scroll Emporium.
  5320 | D:6      | Found Ytsoq's Assorted Antiques.
  5336 | D:6      | 5336 ||| SHOPLISTING glowing chain mail (210 gold, have
                  | 62).
  5336 | D:6      | 5336 ||| SHOPLISTING glowing scarf (224 gold, have 62).
  5336 | D:6      | 5336 ||| BUYING grey potion (25 gold).
  5336 | D:6      | Bought a grey potion for 25 gold pieces
  5336 | D:6      | 5336 ||| SHOPLISTING potion of curing (84 gold, have 37).
  5336 | D:6      | 5336 ||| SHOPLISTING scroll of identify (56 gold, have 37).
  5353 | D:6      | Found a transporter.
  5354 | D:6      | Found a transporter.
  5373 | D:6      | Noticed qw's ghost (novice GrFi)
  5525 | D:6      | Found a hazy altar of Hepliaklqana.
  5629 | D:6      | 5629 ||| SHOPLISTING 2 scrolls of identify (56 gold, have
                  | 49).
  5629 | D:6      | 5629 ||| SHOPLISTING scroll of brand weapon (133 gold, have
                  | 49).
  5629 | D:6      | 5629 ||| BUYING scroll of teleportation (42 gold).
  5629 | D:6      | Bought a scroll of teleportation for 42 gold pieces
  5702 | D:6      | 5702 ||| DRINKING 2 grey potions.
  5703 | D:6      | 5703 ||| DROPPING potion of brilliance.
  5744 | D:7      | Noticed Dowan
  5745 | D:7      | 5745 ||| Stepping ~*~*~tactically~*~*~ (hiding).
  5747 | D:7      | 5747 ||| Stepping ~*~*~tactically~*~*~ (hiding).
  5750 | D:7      | 5750 ||| Stepping ~*~*~tactically~*~*~ (hiding).
  5759 | D:7      | Noticed Duvessa
  5765 | D:7      | Killed Dowan
  5774 | D:7      | Killed Duvessa
  5851 | D:7      | Noticed Prince Ribbit
  5861 | D:7      | 5861 ||| Stepping ~*~*~tactically~*~*~ (hiding).
  5863 | D:7      | 5863 ||| Stepping ~*~*~tactically~*~*~ (hiding).
  5868 | D:7      | Killed Prince Ribbit
  5967 | D:7      | Found Ywuotrub's Assorted Antiques.
  5968 | D:7      | 5968 ||| Stepping ~*~*~tactically~*~*~ (stealth).
  5977 | D:7      | 5977 ||| READING scroll of enchant weapon.
  5977 | D:7      | 5977 ||| ENCHANTING +1 war axe.
  5979 | D:7      | Found Naxyiti's General Store.
  5980 | D:7      | Found Meoxzi's Weapon Shop.
  5986 | D:7      | 5986 ||| SHOPLISTING scroll of enchant weapon (120 gold,
                  | have 31).
  5991 | D:7      | 5991 ||| SHOPLISTING runed helmet (195 gold, have 31).
  5991 | D:7      | 5991 ||| BUYING scroll labelled LUIMUCSEFOG (26 gold).
  5991 | D:7      | Bought a scroll labelled LUIMUCSEFOG for 26 gold pieces
  5991 | D:7      | 5991 ||| SHOPLISTING scroll labelled MOREIMATEO (26 gold,
                  | have 5).
  5991 | D:7      | 5991 ||| SHOPLISTING scroll of identify (52 gold, have 5).
  6019 | D:7      | 6019 ||| Stepping ~*~*~tactically~*~*~ (hiding).
  6020 | D:7      | 6020 ||| Stepping ~*~*~tactically~*~*~ (hiding).
  6212 | D:7      | Found Loralin's Book Shoppe.
  6280 | D:7      | 6280 ||| Stepping ~*~*~tactically~*~*~ (water).
  6285 | D:7      | Reached skill level 10 in Axes
  6292 | D:7      | 6292 ||| Stepping ~*~*~tactically~*~*~ (hiding).
  6425 | D:7      | Found a staircase to the Ecumenical Temple.
  6426 | D:7      | 6426 ||| PLANNING TEMPLE
  6426 | D:7      | 6426 ||| UPGRADING to +0 plate armour.
  6436 | D:7      | 6436 ||| READING scroll labelled LUIMUCSEFOG.
  6537 | D:7      | 6537 ||| READING scroll labelled ZEZEMIN HATRIA.
  6537 | D:7      | Identified a scroll of acquirement
  6537 | D:7      | 6537 ||| ACQUIRING amulet "Paatysh" {Faith Dex+3}
  6537 | D:7      | Acquired the amulet "Paatysh" {Faith Dex+3}
  6539 | D:7      | 6539 ||| UPGRADING to amulet "Paatysh" {Faith Dex+3}.
  6549 | Temple   | Entered the Ecumenical Temple
  6601 | Temple   | 6601 ||| PLANNING OKAWARU WORSHIP
  6667 | Temple   | Became a worshipper of Warmaster Okawaru
  6667 | Temple   | 6667 ||| PLANNING D:1-11
  7455 | D:8      | 7455 ||| Stepping ~*~*~tactically~*~*~ (hiding).
  7464 | D:8      | 7464 ||| Stepping ~*~*~tactically~*~*~ (stealth).
  7465 | D:8      | 7465 ||| Stepping ~*~*~tactically~*~*~ (stealth).
  7506 | D:8      | 7506 ||| Stepping ~*~*~tactically~*~*~ (stealth).
  7512 | D:8      | Noticed Maurice
  7515 | D:8      | Found a staircase to the Lair.
  7533 | D:8      | Reached skill level 6 in Armour
  7544 | D:8      | Killed Maurice
  7544 | D:8      | Reached * piety under Okawaru
  7545 | D:8      | Reached XP level 10. HP: 39/64 MP: 10/10
  7560 | D:8      | 7560 ||| Stepping ~*~*~tactically~*~*~ (stealth).
  7577 | D:8      | 7577 ||| INVOKING Heroism.
  7578 | D:8      | 7578 ||| INVOKING Heroism.
  7582 | D:8      | Reached skill level 1 in Invocations
  7641 | D:8      | 7641 ||| Stepping ~*~*~tactically~*~*~ (stealth).
  7662 | D:8      | 7662 ||| Stepping ~*~*~tactically~*~*~ (stealth).
  7663 | D:8      | 7663 ||| Stepping ~*~*~tactically~*~*~ (stealth).
  7721 | D:8      | 7721 ||| INVOKING Heroism.
  7830 | D:8      | 7830 ||| UPGRADING to +0 cloak.
  7947 | D:7      | 7947 ||| PLANNING LAIR
  7962 | Lair:1   | Entered Level 1 of the Lair of Beasts
  7969 | Lair:1   | 7969 ||| STAIRDANCE
  7981 | D:8      | Reached skill level 3 in Invocations
  8030 | Lair:1   | 8030 ||| INVOKING Heroism.
  8031 | Lair:1   | 8031 ||| Stepping ~*~*~tactically~*~*~ (stealth).
  8051 | Lair:1   | 8051 ||| INVOKING Heroism.
  8097 | Lair:1   | 8097 ||| Stepping ~*~*~tactically~*~*~ (stealth).
  8107 | Lair:1   | 8107 ||| INVOKING Heroism.
  8117 | Lair:1   | Noticed a cane toad
  8124 | Lair:1   | Killed a cane toad
  8124 | Lair:1   | Reached ** piety under Okawaru
  8267 | Lair:1   | Noticed a cane toad
  8268 | Lair:1   | 8268 ||| INVOKING Heroism.
  8269 | Lair:1   | Noticed a cane toad
  8270 | Lair:1   | 8270 ||| Stepping ~*~*~tactically~*~*~ (stealth).
  8274 | Lair:1   | Killed a cane toad
  8275 | Lair:1   | 8275 ||| Stepping ~*~*~tactically~*~*~ (hiding).
  8293 | Lair:1   | Killed a cane toad
  8307 | Lair:1   | 8307 ||| Stepping ~*~*~tactically~*~*~ (stealth).
  8308 | Lair:1   | 8308 ||| Stepping ~*~*~tactically~*~*~ (stealth).
  8311 | Lair:1   | 8311 ||| Stepping ~*~*~tactically~*~*~ (stealth).
  8312 | Lair:1   | 8312 ||| INVOKING Heroism.
  8319 | Lair:1   | Reached *** piety under Okawaru
  8320 | Lair:1   | Reached skill level 11 in Axes
  8441 | Lair:1   | Reached XP level 11. HP: 64/68 MP: 14/14
  8466 | Lair:1   | 8466 ||| Stepping ~*~*~tactically~*~*~ (stealth).
  8468 | Lair:1   | 8468 ||| INVOKING Heroism.
  9035 | Lair:1   | 9035 ||| READING scroll labelled BETILLEALO.
  9036 | Lair:1   | 9036 ||| READING 3 scrolls of identify.
  9036 | Lair:1   | 9036 ||| IDENTIFYING lumpy blue potion
  9037 | Lair:1   | 9037 ||| DROPPING potion of enlightenment.
  9091 | Lair:2   | 9091 ||| Stepping ~*~*~tactically~*~*~ (hiding).
  9092 | Lair:2   | 9092 ||| INVOKING Heroism.
  9093 | Lair:2   | 9093 ||| Stepping ~*~*~tactically~*~*~ (cloud).
  9104 | Lair:2   | 9104 ||| Stepping ~*~*~tactically~*~*~ (cloud).
  9156 | Lair:2   | 9156 ||| Stepping ~*~*~tactically~*~*~ (stealth).
  9157 | Lair:2   | 9157 ||| INVOKING Heroism.
  9165 | Lair:2   | Reached skill level 9 in Fighting
  9215 | Lair:2   | 9215 ||| INVOKING Heroism.
  9423 | Lair:2   | Found a staircase to the Shoals.
  9431 | Lair:2   | Reached skill level 3 in Dodging
  9464 | Lair:2   | 9464 ||| INVOKING Heroism.
  9518 | Lair:2   | 9518 ||| INVOKING Heroism.
  9519 | Lair:2   | Found a hole to the Spider Nest.
  9701 | Lair:2   | 9701 ||| INVOKING Heroism.
  9706 | Lair:2   | Reached skill level 3 in Throwing
 10101 | Lair:2   | 10101 ||| UPGRADING to +0 pair of boots.
 10106 | Lair:2   | 10106 ||| READING scroll labelled MOREIMATEO.
 10107 | Lair:2   | 10107 ||| READING scroll labelled WANESUYBBA.
 10108 | Lair:2   | 10108 ||| DRINKING 2 fuming inky potions.
 10121 | Lair:3   | 10121 ||| INVOKING Heroism.
 10149 | Lair:3   | 10149 ||| INVOKING Heroism.
 10157 | Lair:3   | Reached **** piety under Okawaru
 10169 | Lair:3   | 10169 ||| INVOKING Heroism.
 10266 | Lair:3   | Noticed a death yak
 10267 | Lair:3   | 10267 ||| INVOKING Heroism.
 10269 | Lair:3   | Noticed a death yak
 10269 | Lair:3   | Noticed a death yak
 10269 | Lair:3   | Noticed a death yak
 10270 | Lair:3   | 10270 ||| Stepping ~*~*~tactically~*~*~ (stealth).
 10272 | Lair:3   | Killed a death yak
 10273 | Lair:3   | Reached skill level 9 in Armour
 10276 | Lair:3   | Noticed a death yak
 10281 | Lair:3   | Killed a death yak
 10281 | Lair:3   | Noticed a death yak
 10287 | Lair:3   | 10287 ||| INVOKING Heroism.
 10293 | Lair:3   | Killed a death yak
 10311 | Lair:3   | 10311 ||| INVOKING Heroism.
 10311 | Lair:3   | HP: 8/71 [death yak (17)]
 10312 | Lair:3   | 10312 ||| READING 7 scrolls of teleportation.
 10313 | Lair:3   | 10313 ||| DRINKING 2 potions of heal wounds.
 10315 | Lair:3   | Killed a death yak
 10316 | Lair:3   | Reached skill level 6 in Invocations
 10316 | Lair:3   | Reached XP level 12. HP: 34/76 MP: 13/16
 10503 | Lair:3   | Noticed Josephine
 10505 | Lair:3   | 10505 ||| INVOKING Heroism.
 10506 | Lair:3   | 10506 ||| Stepping ~*~*~tactically~*~*~ (water).
 10514 | Lair:3   | Received a gift from Okawaru
 10521 | Lair:3   | Killed Josephine
 10521 | Lair:3   | Reached ***** piety under Okawaru
 10523 | Lair:3   | Noticed a six-headed hydra
 10524 | Lair:3   | 10524 ||| INVOKING Finesse.
 10532 | Lair:3   | 10532 ||| SWAPPING to +5 morningstar.
 10537 | Lair:3   | 10537 ||| INVOKING Heroism.
 10541 | Lair:3   | Killed a six-headed hydra
 10542 | Lair:3   | Reached skill level 12 in Axes
 10542 | Lair:3   | 10542 ||| SWAPPING to +2 war axe.
 10768 | Lair:3   | Reached skill level 6 in Shields
 11095 | Lair:3   | 11095 ||| INVOKING Heroism.
 11102 | Lair:3   | Killed a death yak
 11103 | Lair:3   | 11103 ||| INVOKING Finesse.
 11110 | Lair:3   | Killed a death yak
 11279 | Lair:4   | 11279 ||| INVOKING Heroism.
 11286 | Lair:4   | Received a gift from Okawaru
 11294 | Lair:4   | 11294 ||| STAIRDANCE
 11300 | Lair:4   | HP: 15/77 [elephant (11)]
 11301 | Lair:4   | 11301 ||| READING 6 scrolls of teleportation.
 11302 | Lair:4   | 11302 ||| DRINKING potion of heal wounds.
 11315 | Lair:4   | Reached skill level 9 in Invocations
 11319 | Lair:4   | 11319 ||| INVOKING Heroism.
 11578 | Lair:4   | 11578 ||| Stepping ~*~*~tactically~*~*~ (stealth).
 11588 | Lair:4   | 11588 ||| Stepping ~*~*~tactically~*~*~ (stealth).
 11598 | Lair:4   | Received a gift from Okawaru
 11700 | Lair:4   | Reached XP level 13. HP: 82/82 MP: 20/20
 11704 | Lair:4   | Received a gift from Okawaru
 11741 | Lair:4   | 11741 ||| FLEEEEING.
 11803 | Lair:4   | 11803 ||| Stepping ~*~*~tactically~*~*~ (stealth).
 11806 | Lair:4   | 11806 ||| Stepping ~*~*~tactically~*~*~ (stealth).
 11807 | Lair:4   | 11807 ||| Stepping ~*~*~tactically~*~*~ (stealth).
 11808 | Lair:4   | 11808 ||| Stepping ~*~*~tactically~*~*~ (stealth).
 11817 | Lair:4   | Found a staircase to the Slime Pits.
 11817 | Lair:4   | Found a viscous altar of Jiyva.
 11881 | Lair:4   | 11881 ||| INVOKING Heroism.
 11882 | Lair:4   | 11882 ||| INVOKING Finesse.
 11909 | Lair:4   | 11909 ||| Stepping ~*~*~tactically~*~*~ (stealth).
 11914 | Lair:4   | 11914 ||| Stepping ~*~*~tactically~*~*~ (stealth).
 11915 | Lair:4   | 11915 ||| Stepping ~*~*~tactically~*~*~ (stealth).
 11917 | Lair:4   | 11917 ||| Stepping ~*~*~tactically~*~*~ (stealth).
 11918 | Lair:4   | 11918 ||| Stepping ~*~*~tactically~*~*~ (stealth).
 11938 | Lair:4   | 11938 ||| FLEEEEING.
 12058 | Lair:4   | Reached skill level 13 in Axes
 12316 | Lair:4   | Identified the +0 plate armour of Okawaru's Grace {rElec
                  | rCorr Str+3 Int+4} (Okawaru gifted it to you on level 4 of
                  | the Lair of Beasts)
 12316 | Lair:4   | Received a gift from Okawaru
 12497 | Lair:4   | 12497 ||| UPGRADING to +0 plate armour of Okawaru's Grace
                  | {rElec rCorr Str+3 Int+4}.
 12507 | Lair:4   | 12507 ||| DROPPING +2 scale mail of fire resistance.
 12508 | Lair:4   | 12508 ||| DROPPING +0 plate armour.
 12529 | Lair:5   | Entered Level 5 of the Lair of Beasts
 12532 | Lair:5   | 12532 ||| STAIRDANCE
 12536 | Lair:5   | 12536 ||| STAIRDANCE
 12560 | Lair:5   | 12560 ||| STAIRDANCE
 12568 | Lair:5   | 12568 ||| STAIRDANCE
 12579 | Lair:4   | 12579 ||| INVOKING Heroism.
 12657 | Lair:5   | 12657 ||| STAIRDANCE
 12659 | Lair:4   | 12659 ||| INVOKING Heroism.
 12734 | Lair:5   | 12734 ||| Stepping ~*~*~tactically~*~*~ (stealth).
 12831 | Lair:5   | 12831 ||| INVOKING Heroism.
 12832 | Lair:5   | 12832 ||| INVOKING Finesse.
 12844 | Lair:5   | 12844 ||| SWAPPING to +5 morningstar.
 12846 | Lair:5   | 12846 ||| SWAPPING to +2 war axe.
 12904 | Lair:5   | 12904 ||| Stepping ~*~*~tactically~*~*~ (hiding).
 12920 | Lair:5   | 12920 ||| INVOKING Heroism.
 12929 | Lair:5   | 12929 ||| Stepping ~*~*~tactically~*~*~ (stealth).
 12978 | Lair:5   | 12978 ||| INVOKING Heroism.
 13009 | Lair:5   | 13009 ||| INVOKING Heroism.
 13014 | Lair:5   | 13014 ||| Stepping ~*~*~tactically~*~*~ (stealth).
 13015 | Lair:5   | 13015 ||| Stepping ~*~*~tactically~*~*~ (stealth).
 13016 | Lair:5   | 13016 ||| Stepping ~*~*~tactically~*~*~ (stealth).
 13043 | Lair:5   | Reached skill level 14 in Axes
 13120 | Lair:5   | 13120 ||| INVOKING Heroism.
 13273 | Lair:5   | Found a runed translucent door.
 13274 | Lair:5   | Noticed an ice dragon
 13275 | Lair:5   | 13275 ||| INVOKING Heroism.
 13307 | Lair:5   | 13307 ||| Stepping ~*~*~tactically~*~*~ (stealth).
 13308 | Lair:5   | 13308 ||| Stepping ~*~*~tactically~*~*~ (stealth).
 13322 | Lair:5   | 13322 ||| Stepping ~*~*~tactically~*~*~ (stealth).
 13326 | Lair:5   | 13326 ||| INVOKING Heroism.
 13339 | Lair:5   | Received a gift from Okawaru
 13423 | Lair:5   | 13423 ||| INVOKING Heroism.
 13489 | Lair:5   | 13489 ||| INVOKING Heroism.
 13534 | Lair:5   | 13534 ||| Stepping ~*~*~tactically~*~*~ (stealth).
 13537 | Lair:5   | 13537 ||| FLEEEEING.
 13539 | Lair:5   | 13539 ||| INVOKING Heroism.
 13758 | Lair:5   | 13758 ||| FLEEEEING.
 13759 | Lair:5   | 13759 ||| FLEEEEING.
 13761 | Lair:5   | 13761 ||| INVOKING Heroism.
 13863 | Lair:5   | Gained mutation: Your large and strong wings let you fly.
                  | [Gargoyle growth]
 13863 | Lair:5   | Reached XP level 14. HP: 85/90 MP: 21/21
 13986 | Lair:5   | 13986 ||| Stepping ~*~*~tactically~*~*~ (stealth).
 13999 | Lair:5   | 13999 ||| Stepping ~*~*~tactically~*~*~ (stealth).
 14001 | Lair:5   | 14001 ||| INVOKING Heroism.
 14164 | Lair:5   | 14164 ||| Stepping ~*~*~tactically~*~*~ (hiding).
 14165 | Lair:5   | 14165 ||| Stepping ~*~*~tactically~*~*~ (hiding).
 14189 | Lair:5   | 14189 ||| Stepping ~*~*~tactically~*~*~ (hiding).
 14198 | Lair:5   | 14198 ||| Stepping ~*~*~tactically~*~*~ (cloud).
 14221 | Lair:5   | 14221 ||| Stepping ~*~*~tactically~*~*~ (stealth).
 14223 | Lair:5   | 14223 ||| Stepping ~*~*~tactically~*~*~ (hiding).
 14224 | Lair:5   | 14224 ||| Stepping ~*~*~tactically~*~*~ (hiding).
 14225 | Lair:5   | 14225 ||| Stepping ~*~*~tactically~*~*~ (hiding).
 14243 | Lair:5   | 14243 ||| Stepping ~*~*~tactically~*~*~ (hiding).
 14248 | Lair:5   | 14248 ||| INVOKING Heroism.
 14269 | Lair:5   | Received a gift from Okawaru
 14640 | Lair:5   | 14640 ||| Stepping ~*~*~tactically~*~*~ (stealth).
 14641 | Lair:5   | 14641 ||| Stepping ~*~*~tactically~*~*~ (stealth).
 14677 | Lair:5   | 14677 ||| PLANNING D:1-11
 14677 | Lair:5   | 14677 ||| READING scroll labelled MYEDGH NARIWOBB.
 14678 | Lair:5   | 14678 ||| READING 4 scrolls of identify.
 14678 | Lair:5   | 14678 ||| IDENTIFYING ruby potion
 14854 | D:8      | 14854 ||| Stepping ~*~*~tactically~*~*~ (hiding).
 14855 | D:8      | 14855 ||| Stepping ~*~*~tactically~*~*~ (hiding).
 14866 | D:8      | 14866 ||| Stepping ~*~*~tactically~*~*~ (hiding).
 15049 | D:8      | Found an opulent altar of Gozag.
 15049 | D:8      | Found a sparkling altar of Nemelex Xobeh.
 15262 | D:9      | Noticed Erolcha
 15263 | D:9      | 15263 ||| INVOKING Heroism.
 15273 | D:9      | Killed Erolcha
 15274 | D:9      | Reached skill level 6 in Throwing
 15325 | D:9      | Noticed Amaemon
 15340 | D:9      | Killed Amaemon
 15532 | D:9      | Found Tucs's Armour Shoppe.
 15551 | D:9      | Noticed Joseph
 15552 | D:9      | 15552 ||| Stepping ~*~*~tactically~*~*~ (hiding).
 15568 | D:9      | Killed Joseph
 15864 | D:9      | 15864 ||| DROPPING +1 hat.
 15865 | D:9      | 15865 ||| UPGRADING to +2 pair of boots.
 15875 | D:9      | 15875 ||| DROPPING +0 pair of boots.
 15876 | D:9      | 15876 ||| READING 5 scrolls of identify.
 15876 | D:9      | 15876 ||| IDENTIFYING fizzy brown potion
 15877 | D:9      | 15877 ||| DROPPING potion of ambrosia.
 15917 | D:10     | Entered Level 10 of the Dungeon
 15923 | D:10     | 15923 ||| Stepping ~*~*~tactically~*~*~ (hiding).
 15928 | D:10     | 15928 ||| FLEEEEING.
 16108 | D:10     | Found a runed translucent door.
 16109 | D:10     | 16109 ||| INVOKING Heroism.
 16116 | D:10     | Received a gift from Okawaru
 16423 | D:10     | Found a staircase to the Orcish Mines.
 16427 | D:10     | 16427 ||| Stepping ~*~*~tactically~*~*~ (hiding).
 16466 | D:10     | 16466 ||| INVOKING Heroism.
 16724 | D:10     | Received a gift from Okawaru
 16897 | D:10     | Noticed a stone giant
 17042 | D:11     | 17042 ||| Stepping ~*~*~tactically~*~*~ (stealth).
 17143 | D:11     | Received a gift from Okawaru
 17175 | D:11     | Reached skill level 15 in Axes
 17182 | D:11     | 17182 ||| SWAPPING to +0 war axe of electrocution.
 17690 | D:11     | 17690 ||| Stepping ~*~*~tactically~*~*~ (hiding).
 17694 | D:11     | 17694 ||| Stepping ~*~*~tactically~*~*~ (hiding).
 17759 | D:11     | Noticed Snorg
 17760 | D:11     | 17760 ||| INVOKING Heroism.
 17761 | D:11     | 17761 ||| INVOKING Finesse.
 17774 | D:11     | Killed Snorg
 18174 | D:11     | 18174 ||| PLANNING D
 18174 | D:11     | 18174 ||| UPGRADING to +0 kite shield of protection.
 18184 | D:11     | 18184 ||| DROPPING +0 buckler.
 18185 | D:11     | 18185 ||| READING scroll labelled QOGUBL KIOGH.
 18342 | D:12     | Noticed Rupert
 18343 | D:12     | 18343 ||| INVOKING Heroism.
 18344 | D:12     | 18344 ||| INVOKING Finesse.
 18351 | D:12     | Killed Rupert
 18411 | D:12     | Noticed Lodul
 18422 | D:12     | 18422 ||| INVOKING Heroism.
 18427 | D:12     | Killed Lodul
 18633 | D:12     | 18633 ||| Stepping ~*~*~tactically~*~*~ (stealth).
 18635 | D:12     | 18635 ||| Stepping ~*~*~tactically~*~*~ (stealth).
 18661 | D:12     | 18661 ||| Stepping ~*~*~tactically~*~*~ (hiding).
 18797 | D:12     | 18797 ||| Stepping ~*~*~tactically~*~*~ (hiding).
 18798 | D:12     | 18798 ||| Stepping ~*~*~tactically~*~*~ (hiding).
 18799 | D:12     | 18799 ||| Stepping ~*~*~tactically~*~*~ (hiding).
 19087 | D:12     | Reached skill level 9 in Shields
 19153 | D:12     | 19153 ||| INVOKING Heroism.
 19226 | D:12     | 19226 ||| Stepping ~*~*~tactically~*~*~ (stealth).
 19230 | D:12     | 19230 ||| Stepping ~*~*~tactically~*~*~ (hiding).
 19277 | D:12     | 19277 ||| READING scroll labelled BYMOPTUYWO.
 19468 | D:13     | Found an iron altar of Okawaru.
 19494 | D:13     | 19494 ||| Stepping ~*~*~tactically~*~*~ (stealth).
 19585 | D:13     | 19585 ||| Stepping ~*~*~tactically~*~*~ (hiding).
 19586 | D:13     | 19586 ||| Stepping ~*~*~tactically~*~*~ (hiding).
 19587 | D:13     | 19587 ||| Stepping ~*~*~tactically~*~*~ (hiding).
 19615 | D:13     | 19615 ||| INVOKING Heroism.
 19616 | D:13     | 19616 ||| SWAPPING to -1 demon whip of venom.
 19617 | D:13     | 19617 ||| INVOKING Finesse.
 19625 | D:13     | Reached XP level 15. HP: 95/95 MP: 14/22
 19625 | D:13     | 19625 ||| SWAPPING to +0 war axe of electrocution.
 20067 | D:14     | 20067 ||| Stepping ~*~*~tactically~*~*~ (stealth).
 20068 | D:14     | 20068 ||| Stepping ~*~*~tactically~*~*~ (stealth).
 20070 | D:14     | 20070 ||| INVOKING Heroism.
 20151 | D:14     | 20151 ||| FLEEEEING.
 20153 | D:14     | 20153 ||| STAIRDANCE
 20242 | D:14     | 20242 ||| Stepping ~*~*~tactically~*~*~ (stealth).
 20250 | D:14     | Reached skill level 12 in Shields
 20269 | D:14     | 20269 ||| FLEEEEING.
 20270 | D:14     | 20270 ||| FLEEEEING.
 20273 | D:14     | 20273 ||| FLEEEEING.
 20274 | D:14     | 20274 ||| FLEEEEING.
 20275 | D:14     | 20275 ||| FLEEEEING.
 20276 | D:14     | 20276 ||| FLEEEEING.
 20277 | D:14     | 20277 ||| FLEEEEING.
 20278 | D:14     | 20278 ||| FLEEEEING.
 20321 | D:14     | 20321 ||| Stepping ~*~*~tactically~*~*~ (stealth).
 20360 | D:14     | Found Dupanugidu's Assorted Antiques.
 20368 | D:14     | 20368 ||| BUYING 2 dark potions (55 gold).
 20368 | D:14     | Bought 2 dark potions for 55 gold pieces
 20368 | D:14     | 20368 ||| BUYING brightly glowing graven amulet (155 gold).
 20368 | D:14     | Bought a brightly glowing graven amulet for 155 gold pieces
 20368 | D:14     | Identified the amulet "Waluchiw" {RegenMP Str+6} (You
                  | bought it in a shop on level 14 of the Dungeon)
 20368 | D:14     | 20368 ||| BUYING potion of mutation (248 gold).
 20368 | D:14     | Bought a potion of mutation for 248 gold pieces
 20368 | D:14     | 20368 ||| SHOPLISTING runed plate armour (806 gold, have
                  | 599).
 20382 | D:14     | 20382 ||| INVOKING Heroism.
 20387 | D:14     | Received a gift from Okawaru
 20388 | D:14     | Reached skill level 12 in Fighting
 20509 | D:14     | Found Zuigov's Magic Scroll Shoppe.
 20514 | D:14     | 20514 ||| BUYING scroll of identify (36 gold).
 20514 | D:14     | Bought a scroll of identify for 36 gold pieces
 20514 | D:14     | 20514 ||| BUYING scroll of identify (36 gold).
 20514 | D:14     | Bought a scroll of identify for 36 gold pieces
 20514 | D:14     | 20514 ||| BUYING scroll of identify (36 gold).
 20514 | D:14     | Bought a scroll of identify for 36 gold pieces
 20514 | D:14     | 20514 ||| BUYING scroll of teleportation (54 gold).
 20514 | D:14     | Bought a scroll of teleportation for 54 gold pieces
 20514 | D:14     | 20514 ||| BUYING scroll of teleportation (54 gold).
 20514 | D:14     | Bought a scroll of teleportation for 54 gold pieces
 20537 | D:14     | Found a shimmering blue altar of Sif Muna.
 20573 | D:14     | 20573 ||| INVOKING Heroism.
 20574 | D:14     | 20574 ||| READING 8 scrolls of teleportation.
 20639 | D:14     | Found Asam's Book Emporium.
 20672 | D:14     | 20672 ||| Stepping ~*~*~tactically~*~*~ (hiding).
 20791 | D:14     | Found Cupop's General Store.
 20844 | D:14     | 20844 ||| Stepping ~*~*~tactically~*~*~ (hiding).
 20959 | D:14     | Found Afesilupt's Book Boutique.
 21000 | D:14     | Found a gate to the Vaults.
 21021 | D:14     | Received a gift from Okawaru
 21056 | D:14     | 21056 ||| Stepping ~*~*~tactically~*~*~ (hiding).
 21134 | D:14     | 21134 ||| Stepping ~*~*~tactically~*~*~ (stealth).
 21140 | D:14     | 21140 ||| INVOKING Heroism.
 21141 | D:14     | 21141 ||| READING 7 scrolls of teleportation.
 21161 | D:14     | Found a basalt altar of Yredelemnul.
 21222 | D:14     | 21222 ||| Stepping ~*~*~tactically~*~*~ (stealth).
 21226 | D:14     | 21226 ||| INVOKING Heroism.
 21229 | D:14     | 21229 ||| READING 6 scrolls of teleportation.
 21313 | D:14     | 21313 ||| Stepping ~*~*~tactically~*~*~ (stealth).
 21320 | D:14     | 21320 ||| INVOKING Heroism.
 21321 | D:14     | 21321 ||| READING 5 scrolls of teleportation.
 21350 | D:14     | 21350 ||| Stepping ~*~*~tactically~*~*~ (stealth).
 21354 | D:14     | 21354 ||| Stepping ~*~*~tactically~*~*~ (stealth).
 21357 | D:14     | 21357 ||| INVOKING Heroism.
 21359 | D:14     | 21359 ||| READING 4 scrolls of teleportation.
 21507 | D:14     | 21507 ||| DROPPING amulet of guardian spirit.
 21508 | D:14     | 21508 ||| DRINKING 2 dark potions.
 21518 | D:15     | Entered Level 15 of the Dungeon
 21537 | D:15     | Reached skill level 16 in Axes
 21543 | D:15     | Noticed Jorgrun
 21544 | D:15     | 21544 ||| INVOKING Heroism.
 21552 | D:15     | Killed Jorgrun
 21681 | D:15     | 21681 ||| INVOKING Heroism.
 21792 | D:15     | 21792 ||| INVOKING Heroism.
 21814 | D:15     | 21814 ||| Stepping ~*~*~tactically~*~*~ (cloud).
 21838 | D:15     | 21838 ||| Stepping ~*~*~tactically~*~*~ (cloud).
 21840 | D:15     | 21840 ||| INVOKING Heroism.
 21842 | D:15     | 21842 ||| Stepping ~*~*~tactically~*~*~ (cloud).
 21861 | D:15     | 21861 ||| Stepping ~*~*~tactically~*~*~ (cloud).
 21861 | D:15     | HP: 19/96 [ice statue/shard of ice (26)]
 21862 | D:15     | 21862 ||| READING 3 scrolls of teleportation.
 21863 | D:15     | 21863 ||| DRINKING potion of heal wounds.
 21866 | D:15     | Reached skill level 12 in Armour
 22168 | D:15     | Found a broken altar of Ashenzari.
 22173 | D:15     | 22173 ||| Stepping ~*~*~tactically~*~*~ (hiding).
 22350 | D:15     | Received a gift from Okawaru
 22421 | D:15     | 22421 ||| INVOKING Heroism.
 22422 | D:15     | 22422 ||| INVOKING Finesse.
 22426 | D:15     | 22426 ||| SWAPPING to -1 demon whip of venom.
 22429 | D:15     | 22429 ||| SWAPPING to +0 war axe of electrocution.
 22464 | D:15     | Noticed Roxanne
 22465 | D:15     | 22465 ||| INVOKING Heroism.
 22490 | D:15     | Killed Roxanne
 22597 | D:15     | 22597 ||| Stepping ~*~*~tactically~*~*~ (hiding).
 22616 | D:15     | 22616 ||| INVOKING Heroism.
 22814 | D:15     | Reached XP level 16. HP: 101/101 MP: 23/23
 22821 | D:15     | 22821 ||| INVOKING Heroism.
 23025 | D:15     | Found a staircase to the Depths.
 23094 | D:15     | 23094 ||| INVOKING Heroism.
 23166 | D:15     | 23166 ||| PLANNING ORC
 23166 | D:15     | 23166 ||| DROPPING +0 chain mail of willpower.
 23167 | D:15     | 23167 ||| DROPPING amulet of faith.
 23316 | Orc:1    | Entered Level 1 of the Orcish Mines
 23333 | Orc:1    | 23333 ||| Stepping ~*~*~tactically~*~*~ (stealth).
 23346 | Orc:1    | 23346 ||| Stepping ~*~*~tactically~*~*~ (hiding).
 23534 | Orc:1    | 23534 ||| INVOKING Heroism.
 23622 | Orc:1    | 23622 ||| SWAPPING to +0 broad axe.
 23623 | Orc:1    | 23623 ||| DROPPING +2 war axe.
 23624 | Orc:1    | 23624 ||| DROPPING +0 war axe of electrocution.
 23631 | Orc:1    | Found Sudiecs's Antique Weapon Boutique.
 23639 | Orc:1    | 23639 ||| BUYING glowing war axe (175 gold).
 23639 | Orc:1    | Bought a glowing war axe for 175 gold pieces
 23639 | Orc:1    | 23639 ||| DROPPING +5 morningstar.
 23640 | Orc:1    | 23640 ||| DROPPING -1 demon whip of venom.
 23769 | Orc:1    | Noticed Urug
 23770 | Orc:1    | 23770 ||| INVOKING Heroism.
 23791 | Orc:1    | Killed Urug
 23795 | Orc:1    | 23795 ||| Stepping ~*~*~tactically~*~*~ (stealth).
 23796 | Orc:1    | 23796 ||| Stepping ~*~*~tactically~*~*~ (stealth).
 23799 | Orc:1    | 23799 ||| Stepping ~*~*~tactically~*~*~ (stealth).
 23801 | Orc:1    | 23801 ||| Stepping ~*~*~tactically~*~*~ (stealth).
 23802 | Orc:1    | 23802 ||| SWAPPING to +1 broad axe of flaming.
 23806 | Orc:1    | 23806 ||| Stepping ~*~*~tactically~*~*~ (stealth).
 23843 | Orc:1    | 23843 ||| DROPPING +0 broad axe.
 23844 | Orc:1    | 23844 ||| DROPPING +2 war axe of flaming.
 23884 | Orc:1    | 23884 ||| Stepping ~*~*~tactically~*~*~ (stealth).
 24074 | Orc:2    | Entered Level 2 of the Orcish Mines
 24090 | Orc:2    | 24090 ||| Stepping ~*~*~tactically~*~*~ (hiding).
 24196 | Orc:2    | 24196 ||| Stepping ~*~*~tactically~*~*~ (hiding).
 24197 | Orc:2    | 24197 ||| Stepping ~*~*~tactically~*~*~ (hiding).
 24198 | Orc:2    | 24198 ||| Stepping ~*~*~tactically~*~*~ (hiding).
 24199 | Orc:2    | 24199 ||| Stepping ~*~*~tactically~*~*~ (hiding).
 24200 | Orc:2    | 24200 ||| Stepping ~*~*~tactically~*~*~ (hiding).
 24316 | Orc:2    | 24316 ||| Stepping ~*~*~tactically~*~*~ (hiding).
 24336 | Orc:2    | 24336 ||| INVOKING Heroism.
 24479 | Orc:2    | 24479 ||| Stepping ~*~*~tactically~*~*~ (stealth).
 24480 | Orc:2    | 24480 ||| Stepping ~*~*~tactically~*~*~ (stealth).
 24481 | Orc:2    | 24481 ||| Stepping ~*~*~tactically~*~*~ (stealth).
 24507 | Orc:2    | 24507 ||| FLEEEEING.
 24508 | Orc:2    | 24508 ||| FLEEEEING.
 24535 | Orc:2    | 24535 ||| INVOKING Heroism.
 24558 | Orc:2    | 24558 ||| Stepping ~*~*~tactically~*~*~ (stealth).
 24559 | Orc:2    | 24559 ||| Stepping ~*~*~tactically~*~*~ (stealth).
 24560 | Orc:2    | 24560 ||| Stepping ~*~*~tactically~*~*~ (stealth).
 24565 | Orc:2    | 24565 ||| Stepping ~*~*~tactically~*~*~ (stealth).
 24568 | Orc:2    | Received a gift from Okawaru
 24580 | Orc:2    | 24580 ||| Stepping ~*~*~tactically~*~*~ (stealth).
 24582 | Orc:2    | 24582 ||| Stepping ~*~*~tactically~*~*~ (hiding).
 24585 | Orc:2    | 24585 ||| INVOKING Heroism.
 24612 | Orc:2    | 24612 ||| Stepping ~*~*~tactically~*~*~ (stealth).
 24644 | Orc:2    | 24644 ||| Stepping ~*~*~tactically~*~*~ (stealth).
 24660 | Orc:2    | Found a staircase to the Elven Halls.
 24666 | Orc:2    | Reached skill level 17 in Axes
 24685 | Orc:2    | 24685 ||| INVOKING Heroism.
 24691 | Orc:2    | 24691 ||| INVOKING Finesse.
 24709 | Orc:2    | Received a gift from Okawaru
 24727 | Orc:2    | 24727 ||| Stepping ~*~*~tactically~*~*~ (hiding).
 24728 | Orc:2    | 24728 ||| Stepping ~*~*~tactically~*~*~ (hiding).
 24733 | Orc:2    | 24733 ||| Stepping ~*~*~tactically~*~*~ (hiding).
 24737 | Orc:2    | 24737 ||| Stepping ~*~*~tactically~*~*~ (hiding).
 24808 | Orc:2    | 24808 ||| DROPPING +0 war axe of venom.
 24946 | Orc:2    | Found Ozodaat's Antique Weapon Emporium.
 24946 | Orc:2    | Found Ily Ewna's General Store.
 24946 | Orc:2    | Found Rydunac's Antique Weapon Boutique.
 24946 | Orc:2    | Found Olisabysk's Antique Weapon Shoppe.
 24956 | Orc:2    | 24956 ||| BUYING potion of magic (136 gold).
 24956 | Orc:2    | Bought a potion of magic for 136 gold pieces
 25160 | Orc:2    | 25160 ||| PLANNING SPIDER:1-3
 25363 | Spider:1 | Entered Level 1 of the Spider Nest
 25363 | Spider:1 | Noticed Agnes
 25364 | Spider:1 | 25364 ||| INVOKING Heroism.
 25365 | Spider:1 | 25365 ||| INVOKING Finesse.
 25367 | Spider:1 | 25367 ||| STAIRDANCE
 25367 | Spider:1 | HP: 14/103 [Agnes/+2 lajatang of speed (29)]
 25369 | Lair:2   | 25369 ||| READING 2 scrolls of teleportation.
 25369 | Lair:2   | Annihilated by Agnes

Levels and vault maps discovered:
D:1:      dpeg_arrival_round_b, layout_loops_corners
D:2:      layout_rooms, serial_shops, shop, uniq_terence,
          uniq_crazy_yiuf_cottage
D:3:      layout_basic, mainiacjoe_overflow_cross_hatched,
          gammafunk_temple_overflow_wave, nicolae_ecumenical_pavilion,
          kennysheep_crisscross, saegor_snake_ambush, uniq_jessica, uniq_ijyb,
          uniq_grinder
D:4:      layout_loops_ring, uniq_eustachio
D:5:      layout_layer_cave, guppyfry_shop_venom
D:6:      layout_cave_pools, mainiacjoe_overflow_brackets,
          mainiacjoe_overflow_catwalk, worldfamousw_hep_ancestral_shrine,
          serial_shops, shop, nicolae_shop_window_shopping,
          nicolae_inconvenience_store, gammafunk_ghost_gnarly_gnolls
D:7:      layout_loops_corners, minmay_temple_entry_enclosed_plants,
          serial_rivers, chequers_serial_rivers_micro_b,
          chequers_serial_rivers_large_a, chequers_serial_rivers_micro_b,
          chequers_serial_rivers_micro_d, serial_shops, nicolae_take_the_stairs,
          minmay_statues_item, nicolae_wooded_promenade, uniq_duvessa,
          uniq_prince_ribbit1
D:8:      layout_basic, grunt_temple_overflow_opulence,
          erik_lair_orcish_takeover, uniq_maurice
D:9:      layout_irregular_city, serial_shops, shop, uniq_joseph, uniq_erolcha,
          uniq_amaemon
D:10:     layout_gridville, kennysheep_orc_monster_closet_entryway,
          minmay_misc_feat_diagonals, minivault_13
D:11:     layout_layer_cave, uniq_snorg
D:12:     layout_irregular_city, roderic_batcave, uniq_lodul, uniq_rupert
D:13:     layout_loops_cross, kennysheep_okawaru_gauntlet
D:14:     layout_irregular_city, skrybe_vaults_entry_preservation,
          serial_column_ruins, column_ruins_circle_large, column_ruins_hut,
          column_ruins_open_small, column_ruins_corridor_T,
          column_ruins_open_small, column_ruins_open_small,
          yredelemnul_altar_generic, serial_shops, shop, shop,
          nicolae_shop_rolling_square, shop_fountains, shop, led_sif_pool
D:15:     gammafunk_enter_depths_forms, layout_irregular_city,
          cheibrodos_ashenzari_chains, ice2_lemuel, uniq_roxanne, uniq_jorgrun
Temple:   compressed_dpeg_circular_temple
Lair:1:   layout_concentric_octagons, serial_bayou_shore_a, grunt_megastairs_3,
          serial_bayou_shore_b, serial_bayou_shore_b, infiniplex_staircase_pool
Lair:2:   layout_regular_city, minmay_shoals_entry_lonely_mermaid,
          hellmonk_spider_entry_not_the_bees
Lair:3:   layout_gridlike, serial_bayou_ford_a, serial_bayou_lagoon_a,
          uniq_josephine
Lair:4:   layout_regular_city, nicolae_slime_entry_slimehenge,
          beast_lair_carwin_6
Lair:5:   guppyfry_lair_end_dragon, layout_long_grid, wormcave
Spider:1: nicolae_spider_hilbert_zone_2 [nicolae_spider_hilbert_4_sides_1_open,
          nicolae_spider_hilbert_4_sides_1_open,
          nicolae_spider_hilbert_4_sides_1_open,
          nicolae_spider_hilbert_4_sides_1_open,
          nicolae_spider_hilbert_6_sides_1_open,
          nicolae_spider_hilbert_6_sides_1_open,
          nicolae_spider_hilbert_3_sides_1_open,
          nicolae_spider_hilbert_3_sides_1_open,
          nicolae_spider_hilbert_3_sides_1_open,
          nicolae_spider_hilbert_3_sides_1_open,
          nicolae_spider_hilbert_6_sides_1_open,
          nicolae_spider_hilbert_6_sides_1_open,
          nicolae_spider_hilbert_6_sides_1_open,
          nicolae_spider_hilbert_6_sides_1_open], uniq_agnes
Orc:1:    nicolae_orc_accident_3, layout_diamond_mine, serial_shops, shop,
          uniq_urug
Orc:2:    st_orc_ogre_mass, layout_caves

Skill      XL: |  1  2  3  4  5  6  7  8  9 10 11 12 13 14 15 16 |
---------------+-------------------------------------------------+-----
Axes           | 2 3 4 6 7 8 10 11 12 14 15 16 17 | 17.0
Dodging        | 2 3 4 5 |  5.1
Fighting       | 4 6 8 9 10 11 12 | 12.9
Throwing       | 1 4 5 6 |  6.8
Shields        | 4 5 6 7 10 12 13 | 13.0
Armour         | 6 7 9 10 11 12 | 12.0
Invocations    | 4 6 10 | 10.0

Action                     |  1- 3 |  4- 6 |  7- 9 | 10-12 | 13-15 | 16-18 || total
---------------------------+-------+-------+-------+-------+-------+-------++-------
  Melee: War axe           |    89 |   103 |   312 |   409 |  1140 |    88 ||  2141
         Morningstar       |       |       |       |     8 |     1 |       ||     9
         Demon whip        |       |       |       |       |     9 |       ||     9
         Broad axe         |       |       |       |       |       |   238 ||   238
  Throw: Boomerang         |       |       |   117 |    68 |    95 |    28 ||   308
         Javelin           |       |       |       |    33 |   160 |    28 ||   221
 Invoke: Heroism           |       |       |       |    25 |    38 |     9 ||    72
         Finesse           |       |       |       |     2 |     6 |     2 ||    10
    Use: Scroll            |     2 |     3 |     9 |     6 |    11 |     1 ||    32
         Potion            |     2 |       |     4 |     3 |     2 |       ||    11
 Armour: Scale mail        |    31 |    55 |    98 |       |       |       ||   184
         Ring mail         |       |       |    48 |       |       |       ||    48
         Plate armour      |       |       |    14 |   314 |   631 |    95 ||  1054
         Skin              |       |       |     3 |       |       |       ||     3
  Dodge: Dodged            |    23 |    34 |   120 |   172 |   382 |    72 ||   803
  Block: Buckler           |    13 |    21 |    66 |   120 |   168 |       ||   388
         Kite shield       |       |       |       |       |   330 |   164 ||   494

Table legend:
 A = Non-vault XP
 B = Vault XP
 C = Vault XP percentage of total XP
 D = Non-vault monster count
 E = Vault monster count
 F = Vault count percentage of total count
                 A         B        C        D         E       F
            +---------+---------+-------+---------+---------+-------
      Total |   99598 |   61977 |  38.4 |     514 |     206 |  28.6
            +---------+---------+-------+---------+---------+-------
        D:1 |      42 |       0 |   0.0 |      23 |       0 |   0.0
        D:2 |      65 |      36 |  35.6 |      23 |       1 |   4.2
        D:3 |     200 |     387 |  65.9 |      14 |       9 |  39.1
        D:4 |     398 |     202 |  33.7 |      27 |       1 |   3.6
        D:5 |     841 |      14 |   1.6 |      18 |       1 |   5.3
        D:6 |     704 |       0 |   0.0 |      16 |       0 |   0.0
        D:7 |     674 |     464 |  40.8 |      17 |       3 |  15.0
        D:8 |    1316 |    1108 |  45.7 |      25 |      10 |  28.6
        D:9 |    1004 |    2493 |  71.3 |       6 |       4 |  40.0
       D:10 |    1465 |    2401 |  62.1 |      11 |      21 |  65.6
       D:11 |    5327 |     951 |  15.1 |      28 |       1 |   3.4
       D:12 |    5827 |    3175 |  35.3 |      21 |      16 |  43.2
       D:13 |    5877 |       3 |   0.1 |      13 |       2 |  13.3
       D:14 |   18866 |    4747 |  20.1 |      43 |       9 |  17.3
       D:15 |    9865 |   11236 |  53.2 |      18 |      24 |  57.1
     Lair:1 |    3898 |     502 |  11.4 |      21 |       2 |   8.7
     Lair:2 |    2047 |    1015 |  33.1 |       7 |       6 |  46.2
     Lair:3 |    9603 |    1739 |  15.3 |      24 |       5 |  17.2
     Lair:4 |    9923 |    2109 |  17.5 |      32 |      13 |  28.9
     Lair:5 |   13205 |    8877 |  40.2 |      42 |      28 |  40.0
   Spider:1 |     174 |       0 |   0.0 |       1 |       0 |   0.0
      Orc:1 |    4658 |    1081 |  18.8 |      39 |       7 |  15.2
      Orc:2 |    3619 |   19437 |  84.3 |      45 |      43 |  48.9
            +---------+---------+-------+---------+---------+-------
